 Dungeon Crawl Stone Soup version 0.29-a0-416-g83a48905f1 (webtiles) character file.

Game seed: 1332837659220839057

1197 iguanaiguana the Cutter (level 8, 0/44 HPs)
             Began as a Vine Stalker Brigand on May 17, 2022.
             Was an Initiate of Wu Jian.
             Splashed by a jelly's acid (2 damage)
             ... on level 6 of the Dungeon.
             The game lasted 00:08:42 (4882 turns).

iguanaiguana the Cutter (Vine Stalker Brigand)      Turns: 4882, Time: 00:08:43

Health: 0/44       AC:  4    Str: 13    XL:     8   Next: 44%
Magic:  0/9        EV: 10    Int: 11    God:    Wu Jian [......]
Gold:   343        SH:  0    Dex: 22    Spells: 7/7 levels left

rFire   . . .      SeeInvis .   w - +2 short sword (elec)
rCold   . . .      Faith    .   (no shield)
rNeg    . . .      Spirit   +   s - +0 ring mail
rPois   +          Reflect  .   a - +0 helmet of Feasting {rElec Dex+3}
rElec   +          Harm     .   c - +0 cloak
rCorr   .          Rampage  .   (no gloves)
Will    +....                   t - +0 pair of boots
Stlth   +++.......              (no amulet)
HPRegen 0.94/turn               v - ring of poison resistance
MPRegen 0.11/turn               (no ring)

@: corroded
A: fangs 3, regeneration 1, magic shield, antimagic bite, no potion heal 2
a: Renounce Religion


You were on level 6 of the Dungeon.
You worshipped Wu Jian.
Wu Jian was noncommittal.
You visited 2 branches of the dungeon, and saw 7 of its levels.

You collected 343 gold pieces.

Inventory:

Hand Weapons
 w - a +2 short sword of electrocution (weapon)
 A - the +5 flail "Irel" {elec, Will++ Str-5 Int+5}
   (You found it on level 4 of the Dungeon)

   It occasionally discharges a powerful burst of electricity upon striking a
   foe.
   Str:       It affects your strength (-5).
   Int:       It affects your intelligence (+5).
   Will:      It greatly increases your willpower.
Missiles
 d - 9 poisoned darts (quivered)
 e - 3 curare-tipped darts
 g - 2 datura-tipped darts
 z - 3 throwing nets
Armour
 a - the +0 helmet of Feasting (worn) {rElec Dex+3}
   (You acquired it on level 5 of the Dungeon)

   Dex:       It affects your dexterity (+3).
   rElec:     It insulates you from electricity.
 c - a +0 cloak (worn)
 s - a +0 ring mail (worn)
 t - a +0 pair of boots (worn)
Jewellery
 v - a ring of poison resistance (left hand)
Wands
 u - a wand of charming (12)
 F - a wand of flame (24)
Scrolls
 f - 3 scrolls of amnesia
 h - 3 scrolls of immolation
 p - 2 scrolls of fog
 q - 4 scrolls of teleportation {@r3}
 x - 2 scrolls of enchant armour
 y - a scroll of blinking {unknown}
 D - 2 scrolls of vulnerability {unknown}
 G - a scroll of enchant weapon {unknown}
 H - a scroll of poison {unknown}
 I - a scroll of fear {unknown}
Potions
 b - a potion of berserk rage
 i - a potion of might {@q3}
 j - a potion of brilliance
 k - a potion of ambrosia {unknown}
 l - a potion of attraction {unknown}
 m - 3 potions of degeneration
 n - 6 potions of curing {@q1}
 o - 3 potions of flight
 r - 2 potions of magic
 B - 2 potions of cancellation
 C - a potion of lignification {unknown}
 E - 2 potions of resistance {unknown}
 J - a potion of invisibility {unknown}


   Skills:
 - Level 6.0 Fighting
 - Level 6.0 Short Blades
 + Level 3.9 Throwing
 - Level 0.9 Dodging
 - Level 4.9 Stealth
 - Level 0.5 Evocations


You had 7 spell levels left.
You didn't know any spells.
Your spell library contained the following spells:

 Spells                   Type           Power      Damage    Failure   Level
 Animate Skeleton         Necr           0%         N/A       61%         1
 Pain                     Necr           0%         1d4       61%         1
 Static Discharge         Conj/Air       0%         N/A       75%         2
 Inner Flame              Hex/Fire       0%         N/A       93%         3
 Summon Guardian Golem    Hex/Summ       0%         N/A       93%         3
 Vampiric Draining        Necr           0%         2d6       93%         3
 Cause Fear               Hex            0%         N/A       100%        4
 Dispel Undead            Necr           0%         3d6       100%        4
 Sticky Flame             Conj/Fire      0%         2d3       100%        4
 Orb of Destruction       Conj           0%         9d5       100%        7
 Spellforged Servitor     Conj/Summ      0%         N/A       100%        7
 Discord                  Hex            0%         N/A       100%        8


Dungeon Overview and Level Annotations

Branches:
Dungeon (6/15)             Temple (1/1) D:6

Altars:
Ashenzari
Cheibriados
Dithmenos
Fedhas
Gozag
Hepliaklqana
Makhleb
Okawaru
Qazlal
Ru
Sif Muna
Uskayaw
Vehumet
Wu Jian
Xom
Yredelemnul
Zin
The Shining One

Shops:
D:4 =

Annotations:
D:4 3 runed translucent doors, Eringya's ghost, amateur OpCj


Innate Abilities, Weirdness & Mutations

You have razor-sharp teeth.
Your natural rate of healing is unusually fast.
When hurt, damage is shared between your health and your magic reserves.
Your bite disrupts and absorbs the magic of your enemies.
Potions cannot restore your health.


Message History

The Council accepts your kill. The jelly hits you but does no damage.
The wight hits you with a +0 spear.
You barely miss the wight. Your bite misses the wight.
The wight is lightly damaged.
The jelly hits you but does no damage. The wight barely misses you.
You hit the wight. Lightning courses through the wight!
You destroy the wight!
The Council accepts your kill. The jelly hits you but does no damage.
Your life force feels restored.
You hit the jelly.
Your hands burn!
* * * LOW HITPOINT WARNING * * *
The jelly is lightly wounded.
The jelly hits you.
* * * LOW HITPOINT WARNING * * *
The acid corrodes you!
You are splashed with acid!
* * * LOW HITPOINT WARNING * * *
You hit the jelly.
Your hands burn!
* * * LOW HITPOINT WARNING * * *
You bite the jelly. You drain its power.
You feel invigorated.
The jelly is moderately wounded.
You hit the jelly but do no damage.
Your hands burn!
* * * LOW HITPOINT WARNING * * *
You bite the jelly. You drain its power.
You feel invigorated.
The jelly is moderately wounded.
The jelly hits you but does no damage.
You hit the jelly but do no damage.
Your hands burn!
* * * LOW HITPOINT WARNING * * *
Your bite misses the jelly.
The jelly is moderately wounded.
The jelly hits you but does no damage.
You hit the jelly.
Your hands burn!
* * * LOW HITPOINT WARNING * * *
The jelly is heavily wounded.
The jelly hits you.
* * * LOW HITPOINT WARNING * * *
You are splashed with acid!
* * * LOW HITPOINT WARNING * * *
You hit the jelly.
Your hands burn!
You die...

#... ##..................#.##
###.####....##..........#..'.#> #
#......##...............##.#.#'
.##........<..........#....#.#...
......................##.....###.
...............................#.
.##.....##......)........###.....
##.....#.#...J.).......#####...
##.....#.....)@........##.#....
##.......................#......
##..........#..........#..#......
.#..#............##...###.#......
.....#.......#...................
.#..###...#........##............
##..####..#....#..##.)...........
#..#.#..................#.######
#...........###.......###..###..


You could see a jelly.

Vanquished Creatures
  An ice beast (D:6)
  An ogre (D:5)
  2 necrophages (D:5)
  A scorpion (D:6)
  5 wights
  2 howler monkeys
  An orc priest (D:4)
  4 hounds
  3 iguanas
  Jessica (D:3)
  An orc wizard (D:4)
  Robin (D:4)
  6 gnolls
  5 adders
  A shadow imp (D:5)
  An ufetubus (D:4)
  11 orcs
  6 endoplasms
  5 giant cockroaches
  14 goblins
  6 hobgoblins
  10 jackals
  8 ball pythons
  8 bats
  4 frilled lizards
  5 kobolds
  9 rats
122 creatures vanquished.

Notes
Turn   | Place    | Note
-------+----------+-------------------------------------------
     0 | D:1      | iguanaiguana the Vine Stalker Brigand began the quest for
                  | the Orb.
     0 | D:1      | Reached XP level 1. HP: 11/11 MP: 2/2
   510 | D:1      | Reached XP level 2. HP: 15/15 MP: 3/3
  1210 | D:2      | Reached XP level 3. HP: 13/18 MP: 1/4
  1296 | D:2      | Found a faded altar of an unknown god.
  1860 | D:3      | Gained mutation: Your natural rate of healing is unusually
                  | fast. [Vine Stalker growth]
  1860 | D:3      | Reached XP level 4. HP: 23/23 MP: 5/5
  2015 | D:3      | Noticed Jessica
  2019 | D:3      | Killed Jessica
  2085 | D:3      | Found a basalt altar of Yredelemnul.
  2125 | D:3      | Found a shadowy altar of Dithmenos.
  2284 | D:3      | Reached XP level 5. HP: 13/26 MP: 3/6
  2416 | D:4      | Identified the +5 flail "Irel" {elec, Will++ Str-5 Int+5}
  2589 | D:4      | Reached skill level 5 in Short Blades
  2751 | D:4      | Found Nadghem's Jewellery Shop.
  2972 | D:4      | Reached XP level 6. HP: 30/30 MP: 7/7
  3093 | D:4      | Found a runed translucent gate.
  3093 | D:4      | Found a runed translucent gate.
  3094 | D:4      | Found a runed translucent gate.
  3095 | D:4      | Noticed Eringya's ghost (amateur OpCj)
  3108 | D:4      | Found a glowing silver altar of Zin.
  3108 | D:4      | Found a snail-covered altar of Cheibriados.
  3138 | D:4      | Noticed Robin
  3171 | D:4      | Killed Robin
  3586 | D:5      | Entered Level 5 of the Dungeon
  3601 | D:5      | Identified a scroll of acquirement
  3603 | D:5      | Acquired the +0 helmet of Feasting {rElec Dex+3}
  3790 | D:5      | Reached XP level 7. HP: 29/36 MP: 5/8
  4237 | D:6      | Reached skill level 5 in Fighting
  4287 | D:6      | Gained mutation: You have razor-sharp teeth. [Vine Stalker
                  | growth]
  4287 | D:6      | Reached XP level 8. HP: 44/44 MP: 9/9
  4479 | D:6      | Found a staircase to the Ecumenical Temple.
  4517 | Temple   | Entered the Ecumenical Temple
  4703 | Temple   | Became a worshipper of the Wu Jian Council
  4831 | D:6      | Found a hazy altar of Hepliaklqana.
  4832 | D:6      | Found a shimmering altar of Xom.
  4833 | D:6      | Noticed a spectral ugly thing
  4881 | D:6      | HP: 2/44 [acid (7)]
  4882 | D:6      | Splashed by a jelly's acid

Illustrated notes

Levels and vault maps discovered:
D:1:      sevenhm_arrival_forest_fort_large_2, layout_basic
D:2:      layout_rooms, dreamdust_ecumenical_altar_statues,
          minmay_misc_feat_room, minmay_misc_feat_hallway
D:3:      layout_rooms, nicolae_overflow_hidden_temple, corexii_hall_statues_x,
          uniq_jessica
D:4:      layout_basic, gammafunk_temple_overflow_pools,
          gammafunk_ghost_necromancy, serial_shops, shop,
          minmay_misc_feat_encased, uniq_robin
D:5:      layout_cave_pools, kennysheep_big_empty_room,
          nicolae_underground_beach
D:6:      layout_cave_pools, regret_index_temple_of_mockery,
          minmay_temple_entry_glassed_door
Temple:   minmay_temple_bridge_abc

Skill      XL: |  1  2  3  4  5  6  7  8 |
---------------+-------------------------+-----
Short Blades   | 2 3 4 5 6 |  6.0
Fighting       | 3 5 6 |  6.0
Throwing       | 3 |  3.9
Dodging        | |  0.9
Stealth        | |  4.9
Evocations     | |  0.5

Action                   |  1- 3 |  4- 6 |  7- 9 || total
-------------------------+-------+-------+-------++-------
Melee: Dagger            |   103 |   189 |       ||   292
       Bite              |    14 |    69 |    32 ||   115
       Punch             |     2 |     4 |     2 ||     8
       Short sword       |       |    26 |    88 ||   114
Invok: Lunge             |       |       |     2 ||     2
  Use: Scroll            |       |    13 |     2 ||    15
 Stab: Sleeping          |     6 |     3 |     4 ||    13
       Distracted        |     1 |       |     1 ||     2
Armor: Robe              |     9 |       |       ||     9
       Scale mail        |    35 |       |       ||    35
       Ring mail         |     2 |    76 |    31 ||   109
Dodge: Dodged            |    56 |    64 |    36 ||   156

Table legend: (Time is in decaauts)
 A = Elapsed time spent in this place.
 B = Non-inter-level travel time spent in this place.
 C = Inter-level travel time spent in this place.
 D = Time resting spent in this place.
 E = Time spent auto-exploring this place.
 F = Levels seen in this place.
 G = Mean time per level.
                   A        B        C        D        E       F      G
               +--------+--------+--------+--------+--------+-----+--------+
         Total |   4801 |   4500 |    301 |     23 |   3570 |   7 |  685.9 |
       Dungeon |   4594 |   4327 |    267 |     23 |   3403 |   6 |  765.7 |
        Temple |    207 |    173 |     34 |      0 |    167 |   1 |  207.0 |
               +--------+--------+--------+--------+--------+-----+--------+

Top non-repeatable levels by time:
     D:4: 1150 daAuts
     D:1: 1110 daAuts
     D:2: 685 daAuts
     D:5: 665 daAuts
     D:3: 580 daAuts
     D:6: 402 daAuts
  Temple: 207 daAuts
